 Dungeon Crawl Stone Soup version 0.24-a0-447-ge8da9206dc (webtiles) character file.

Game seed: 6390294501396227130

56 KristoblXynda the Ducker (level 3, 0/19 HPs)
             Began as a Spriggan Berserker on June 25, 2019.
             Was a Believer of Trog.
             Succumbed to an adder's poison
             ... on level 2 of the Dungeon.
             The game lasted 00:01:56 (1626 turns).

KristoblXynda the Ducker (Spriggan Berserker)       Turns: 1626, Time: 00:01:57

Health: 0/19       AC:  2    Str: 14    XL:     3   Next: 71%
Magic:  4/4        EV: 20    Int:  8    God:    Trog [**....]
Gold:   34         SH:  0    Dex: 15    Spells: 2/2 levels left

rFire    . . .     SeeInvis +   j - +2 dagger (flame)
rCold    . . .     Gourm    .   (shield restricted)
rNeg     . . .     Faith    .   b - +0 animal skin
rPois    .         Spirit   .   (helmet restricted)
rElec    .         Reflect  .   (no cloak)
rCorr    .         Harm     .   (gloves unavailable)
MR       .....                  (boots unavailable)
Stlth    ++........             (no amulet)
HPRegen  0.06/turn              (no ring)
MPRegen  0.09/turn              (no ring)

@: lethally poisoned (0 -> -10), very quick
A: very small, unfitting armour, see invisible, herbivore, speed 3, slow
metabolism 2
a: Berserk, Trog's Hand, Renounce Religion


You were on level 2 of the Dungeon.
You worshipped Trog.
Trog was pleased with you.
You were not hungry.

You visited 1 branch of the dungeon, and saw 2 of its levels.

You collected 34 gold pieces.

Inventory:

Hand Weapons
 j - a +2 dagger of flaming (weapon)
Armour
 b - a +0 animal skin (worn)
Scrolls
 d - 5 scrolls of identify {unknown}
 h - a scroll of random uselessness {unknown}
 i - a scroll of teleportation {unknown}
Potions
 e - 2 potions of berserk rage {unknown}
 f - a potion of lignification {unknown}
 g - a potion of brilliance {unknown}
Comestibles
 c - 7 rations


   Skills:
 + Level 2.8 Fighting
 + Level 3.9 Short Blades
 + Level 5.1 Dodging
 + Level 2.4 Stealth


You had 2 spell levels left.
You didn't know any spells.
Your spell library was empty.

Dungeon Overview and Level Annotations

Branches:
Dungeon (2/15)

Altars:
Nemelex Xobeh
Yredelemnul


Innate Abilities, Weirdness & Mutations

You are very small and have problems with some larger weapons.
You are too small for most types of armour.
You have supernaturally acute eyesight. (SInv)
You are a herbivore.
You cover ground extremely quickly.
You need to consume almost no food.


Message History

You miss the adder.
The adder is moderately wounded.
The adder bites you.
* * * LOW HITPOINT WARNING * * *
You are poisoned.
The adder poisons you!
You hit the adder. You burn the adder.
The adder is almost dead.
* * * LOW HITPOINT WARNING * * *
You feel sick. The adder completely misses you.
You hit the adder but do no damage.
The adder is almost dead.
The adder bites you.
* * * LOW HITPOINT WARNING * * *
You are more poisoned.
The adder poisons you!
You hit the adder. You burn the adder.
You kill the adder!
Trog accepts your kill.
You die...

#.####....# #....(....#
#....(....# #.........#
#.........# #........#
#........#########
#....(.@..).......
#....)...###....##
#...(....# ...#
#####.....#### ..#
#.........## ##
#..........####
#.............####
#..........♣♣....######+####
#.........♣♣ ♣....).......#


There were no monsters in sight!

Vanquished Creatures
  An adder (D:2)
  A worm (D:2)
  A leopard gecko (D:1)
  3 bats
  3 giant cockroaches (D:1)
  8 goblins
  3 hobgoblins (D:1)
  6 jackals
  A quokka (D:2)
  4 frilled lizards
  2 kobolds
  5 rats
38 creatures vanquished.

Notes
Turn   | Place    | Note
-------+----------+-------------------------------------------
     0 | D:1      | KristoblXynda the Spriggan Berserker began the quest for
                  | the Orb.
     0 | D:1      | Reached XP level 1. HP: 11/11 MP: 2/2
   249 | D:1      | Reached skill level 1 in Stealth
   330 | D:1      | Reached XP level 2. HP: 10/16 MP: 3/3
   963 | D:1      | Reached ** piety under Trog
  1220 | D:2      | Reached XP level 3. HP: 19/19 MP: 4/4
  1320 | D:2      | Found a sparkling altar of Nemelex Xobeh.
  1320 | D:2      | Found a basalt altar of Yredelemnul.
  1430 | D:2      | Reached skill level 5 in Dodging
  1626 | D:2      | Succumbed to an adder's poison

Levels and vault maps discovered:
D:1:      dpeg_arrival_castle, layout_basic, minmay_worlds_worst_comb
D:2:      layout_basic, cheibriados_altar_1, gammafunk_temple_overflow_statue,
          first_ration, chequers_ecumenical_altar_twisty, nrook_campfire,
          minmay_misc_feat_five

Skill      XL: |  1  2  3 |
---------------+----------+-----
Stealth        | 1 2 |  2.4
Dodging        | 5 |  5.1
Fighting       | |  2.8
Short Blades   | |  3.9

Action                   || total
-------------------------++-------
Melee: Short sword       ||    98
       Dagger            ||    16
Invok: Berserk           ||     1
 Stab: Sleeping          ||     1
Armor: Animal skin       ||     4
Dodge: Dodged            ||    78

Table legend:
 A = Non-vault XP
 B = Vault XP
 C = Vault XP percentage of total XP
 D = Non-vault monster count
 E = Vault monster count
 F = Vault count percentage of total count
                 A         B        C        D         E       F
            +---------+---------+-------+---------+---------+-------
      Total |      75 |       6 |   7.4 |      35 |       3 |   7.9
            +---------+---------+-------+---------+---------+-------
        D:1 |      33 |       6 |  15.4 |      20 |       3 |  13.0
        D:2 |      42 |       0 |   0.0 |      15 |       0 |   0.0
            +---------+---------+-------+---------+---------+-------
